 Dungeon Crawl Stone Soup version 0.27.1 (webtiles) character file.

Game seed: 8285516671236129510

47 MajorAdolf the Skirmisher (level 3, -1/33 HPs)
             Began as a Naga Wanderer on Aug 27, 2021.
             Slain by a hound (5 damage)
             ... on level 3 of the Dungeon.
             The game lasted 00:03:27 (2650 turns).

MajorAdolf the Skirmisher (Naga Wanderer)           Turns: 2650, Time: 00:03:27

Health: -1/33      AC:  4    Str: 15    XL:     3   Next: 70%
Magic:  3/3        EV:  7    Int: 10    God:
Gold:   133        SH:  0    Dex: 12    Spells: 2/2 levels left

rFire    . . .     SeeInvis +   k - +0 broad axe
rCold    . . .     Faith    .   (no shield)
rNeg     . . .     Spirit   .   l - +0 scale mail
rPois    +         Reflect  .   (no helmet)
rElec    .         Harm     .   (no cloak)
rCorr    .         Rampage  .   (no gloves)
Will     .....                  (no barding)
Stlth    +.........             (no amulet)
HPRegen  0.11/turn              (no ring)
MPRegen  0.08/turn              (no ring)

@: short of breath, very slow
A: AC +1, large, see invisible, deformed body, poison resistance, slowness 2,
spit poison 1, naga tail 1
a: Spit Poison


You were on level 3 of the Dungeon.
You visited 1 branch of the dungeon, and saw 3 of its levels.

You collected 133 gold pieces.

Inventory:

Hand Weapons
 a - a +0 club
 k - a +0 broad axe (weapon)
Armour
 d - a +0 robe
 l - a +0 scale mail (worn)
Wands
 n - a wand of acid (5)
Scrolls
 c - 2 scrolls of teleportation
 h - a scroll of magic mapping {unknown}
 j - a scroll of identify {unknown}
 m - a scroll of acquirement {unknown}
 o - a scroll of amnesia {unknown}
 p - a scroll of vulnerability {unknown}
 s - a scroll of enchant armour {unknown}
 t - a scroll of immolation {unknown}
Potions
 b - a potion of berserk rage
 e - 2 potions of heal wounds
 f - a potion of degeneration {unknown}
 g - 2 potions of attraction {unknown}
 i - 2 potions of curing {unknown}
 q - a potion of mutation {unknown}
 r - a potion of haste {unknown}


   Skills:
 - Level 2.3 Fighting
 - Level 1.0 Short Blades
 + Level 2.0 Axes
 - Level 1.7 Throwing
 - Level 2.0 Dodging
 - Level 2.1 Stealth
 - Level 2.2 Unarmed Combat


You had 2 spell levels left.
You didn't know any spells.
Your spell library was empty.

Dungeon Overview and Level Annotations

Branches:
Dungeon (3/15)

Altars:
Nemelex Xobeh


Innate Abilities, Weirdness & Mutations

Your serpentine skin is tough. (AC +1)
You have supernaturally acute eyesight. (SInv)
Armour fits poorly on your strangely shaped body.
Your system is resistant to poisons. (rPois)
You cover ground very slowly.
You can spit poison.
You have a snake-like lower body.


Message History

The splash of poison misses the hound.
Unknown command.
You slash the hound!
The hound is heavily wounded.
The hound bites you. x2; The hound barely misses you.
You closely miss the hound.
The hound is moderately wounded.
You have got your breath back.
The hound bites you. The hound bites you but does no damage.
You barely miss the hound.
The hound is moderately wounded.
The hound bites you. x2
A hound is nearby!
Unknown command.
Unknown command.
You barely miss the hound.
The hound is moderately wounded.
The hound bites you but does no damage. The hound completely misses you.
The hound bites you.
You barely miss the hound.
The hound is moderately wounded.
The hound bites you. x2
You closely miss the hound.
The hound is moderately wounded.
The hound barely misses you. The hound bites you.
Press: ? - help, Shift-Dir - straight line, f/p - hound
Aim: a hound (moderately wounded)
The splash of poison misses the hound.
The hound bites you.
* * * LOW HITPOINT WARNING * * *
The hound pauses to sniff the ground.
The hound bites you.
* * * LOW HITPOINT WARNING * * *
You barely miss the hound.
The hound is moderately wounded.
The hound bites you but does no damage. The hound bites you.
* * * LOW HITPOINT WARNING * * *
Your scale mail prevents you from hitting the hound.
The hound is moderately wounded.
The hound barely misses you. The hound bites you.
You die...

. #### .#
..####..#
#.######........
......h@....# #
#.######..#.# .#
#..#.#..#
.######..#.#..##
................
########...#..#
###.......#
#.......(.#
#.#.###'###+#


You could see a hound.

Vanquished Creatures
  An adder (D:3)
  A worm (D:2)
  4 endoplasms
  A giant cockroach (D:1)
  4 goblins
  2 hobgoblins (D:1)
  7 ball pythons
  4 bats
  3 frilled lizards
  5 kobolds
  A rat (D:1)
33 creatures vanquished.

Notes
Turn   | Place    | Note
-------+----------+-------------------------------------------
     0 | D:1      | MajorAdolf the Naga Wanderer began the quest for the Orb.
     0 | D:1      | MajorAdolf set off with the following items: a +0 club, a
                  | potion of berserk rage, 2 scrolls of teleportation, a +0
                  | robe, a potion of heal wounds
     0 | D:1      | Reached XP level 1. HP: 19/19 MP: 1/1
   387 | D:1      | Found a faded altar of an unknown god.
   444 | D:1      | Reached XP level 2. HP: 20/26 MP: 2/2
  1474 | D:1      | Reached XP level 3. HP: 33/33 MP: 3/3
  1558 | D:1      | Reached skill level 1 in Axes
  2394 | D:3      | Found a sparkling altar of Nemelex Xobeh.
  2650 | D:3      | Slain by a hound

Illustrated notes

Levels and vault maps discovered:
D:1:      nzn_arrival_crosshair, layout_basic, ebering_ecumenical_altar_mist,
          fountainhead
D:2:      layout_rooms, chequers_arboretum
D:3:      layout_basic, mainiacjoe_overflow_six_doors_small

Skill      XL: |  1  2  3 |
---------------+----------+-----
Dodging        | 2 |  2.0
Stealth        | 2 |  2.1
Axes           | 2 |  2.0
Fighting       | |  2.3
Short Blades   | |  1.0
Throwing       | |  1.7
Unarmed Combat | |  2.2

Action                   || total
-------------------------++-------
Melee: Club              ||    33
       Broad axe         ||    64
       Punch             ||     1
 Abil: Spit Poison       ||    17
 Stab: Sleeping          ||     1
Armor: Robe              ||    10
       Scale mail        ||    36
Dodge: Dodged            ||    56
